 Dungeon Crawl Stone Soup version 0.29-a0-723-gce39da1c22 (webtiles) character file.

Game seed: 2437409146077018437

2797 gobodom the Ogre Mage (level 9, -3/89 HPs)
             Began as an Ogre Hedge Wizard on June 28, 2022.
             Slain by a boulder beetle (17 damage)
             ... on level 7 of the Dungeon.
             The game lasted 00:28:01 (8562 turns).

gobodom the Ogre Mage (Ogre Hedge Wizard)           Turns: 8562, Time: 00:28:04

Health: -3/89      AC:  6    Str: 16    XL:     9   Next: 71%
Magic:  20/20      EV: 10    Int: 17    God:
Gold:   405        SH:  0    Dex: 10    Spells: 19/23 levels left

rFire   + . .      SeeInvis .   v - +2 quarterstaff (spect)
rCold   + + .      Faith    .   (shield currently unavailable)
rNeg    . . .      Spirit   .   M - +0 steam dragon scales
rPois   .          Reflect  .   c - +0 hat
rElec   .          Harm     .   g - scarf {rC+ rF+}
rCorr   .          Rampage  .   (gloves unavailable)
Will    .....                   (boots unavailable)
Stlth   ++........              (no amulet)
HPRegen 0.24/turn               i - ring of protection from cold
MPRegen 0.17/turn               (no ring)

@: unable to read
A: large, unfitting armour, tough skin 1, sense surroundings 1, inability to
read while threatened 1
a: no special abilities


You were on level 7 of the Dungeon.
You visited 1 branch of the dungeon, and saw 8 of its levels.

You collected 405 gold pieces.

Inventory:

Hand Weapons
 b - a +3 short sword
 h - a +0 dagger of draining
 v - a +2 spectral quarterstaff (weapon)
 y - a +1 whip of flaming
 P - a +2 whip of freezing
Missiles
 e - 5 atropa-tipped darts
 n - 8 boomerangs
 E - 12 poisoned darts
Armour
 c - a +0 hat (worn)
 g - a scarf of resistance (worn)
 K - a scarf of repulsion
 M - +0 steam dragon scales (worn)
 N - +0 swamp dragon scales
Jewellery
 i - a ring of protection from cold (left hand)
 k - a ring of ice
 m - an amulet of reflection
 Q - an amulet of guardian spirit
Wands
 o - a wand of iceblast (5)
 C - a wand of polymorph (4)
 F - a wand of paralysis (9)
 J - a wand of mindburst (19)
Scrolls
 a - a scroll of enchant armour {unknown}
 f - a scroll of magic mapping {unknown}
 j - 2 scrolls of teleportation
 l - 2 scrolls of blinking
 p - 2 scrolls of fog {unknown}
 q - 2 scrolls of amnesia {unknown}
 s - a scroll of fear {unknown}
 t - a scroll of immolation {unknown}
 u - a scroll of vulnerability {unknown}
 x - a scroll of poison {unknown}
 L - a scroll of enchant weapon {unknown}
 O - a scroll of noise {unknown}
Potions
 d - a potion of magic
 r - a potion of flight
 w - a potion of resistance
 z - a potion of curing
 A - 2 potions of invisibility
 B - a potion of attraction {unknown}
 D - 2 potions of might {unknown}
 G - a potion of haste {unknown}
 I - a potion of berserk rage


   Skills:
 + Level 6.2 Fighting
 + Level 0.3 Short Blades
 + Level 6.8 Staves
 + Level 3.9 Dodging
 + Level 2.5 Stealth
 + Level 2.2 Shields
 + Level 7.5 Spellcasting
 + Level 4.8 Conjurations
 + Level 0.8 Summonings
 + Level 0.8 Translocations
 + Level 0.4 Air Magic
 + Level 0.2 Poison Magic
 + Level 0.5 Evocations


You had 19 spell levels left.
You knew the following spells:

 Your Spells              Type           Power      Damage    Failure   Level
a - Magic Dart            Conj           88%        1d7       1%          1
b - Mephitic Cloud        Conj/Pois/Air  12%        N/A       16%         3

Your spell library contained the following spells:

 Spells                   Type           Power      Damage    Failure   Level
 Slow                     Hex            24%        N/A       11%         1
 Blink                    Tloc           18%        N/A       12%         2
 Call Imp                 Summ           9%         N/A       12%         2
 Conjure Flame            Conj/Fire      14%        6-21      12%         3
 Ozocubu's Armour         Ice            6%         N/A       32%         3
 Ozocubu's Refrigeration  Ice            3%         4d5       100%        7


Dungeon Overview and Level Annotations

Branches:
Dungeon (8/15)             Temple (0/1) D:5
   Lair: D:8-11

Altars:
Elyvilon
Gozag
Kikubaaqudgha
Okawaru
Ru
Xom

Shops:
D:1 (

Annotations:
D:7 2 runed translucent doors


Innate Abilities, Weirdness & Mutations

You are too large for most types of armour.
You have tough skin. (AC +1)
You passively map a small area around you.
You occasionally lose the ability to read scrolls when taking damage.


Message History

The slime creature hits you.
You hit the slime creature but do no damage.
The slime creature is heavily wounded.
Your +2 spectral quarterstaff hits the slime creature!
The slime creature hits you but does no damage.
You hit the slime creature.
The slime creature is almost dead.
Your +2 spectral quarterstaff hits the slime creature.
The slime creature hits you!
You sock the slime creature!
You kill the slime creature!
Q - an amulet of guardian spirit You start resting.
A boulder beetle is nearby!
You start removing your amulet.
You continue taking off your amulet of reflection. x3
The boulder beetle bites you.
* * * LOW HITPOINT WARNING * * *
You continue taking off your amulet of reflection.
The boulder beetle bites you!
You feel threatened and lose the ability to read scrolls!
* * * LOW HITPOINT WARNING * * *
You finish taking off your amulet of reflection.
You feel much better. The boulder beetle bites you!
You hit the boulder beetle.
The boulder beetle is lightly wounded.
Your +2 spectral quarterstaff hits the boulder beetle but does no damage.
The boulder beetle bites you.
You hit the boulder beetle but do no damage.
The boulder beetle is lightly wounded.
Your +2 spectral quarterstaff hits the boulder beetle but does no damage.
The boulder beetle bites you!
* * * LOW HITPOINT WARNING * * *
You hit the boulder beetle but do no damage.
The boulder beetle is lightly wounded.
Your +2 spectral quarterstaff hits the boulder beetle!
The boulder beetle bites you.
* * * LOW HITPOINT WARNING * * *
You feel better. The boulder beetle bites you!
You die...

* .......##.#########. , ,,
......##........... * **
#.....##.....#####) ############
#.....##......).... #..........#
#.... *#.##........
#..........####.#####+##........
#......................#........
#...........######.....#........
#..........##8B@8##....#........
#..........#8..§.8#....#........
#......○...'......+.....##.....#
#..........'......+..... #.....#
#..........#8....8#..... #.....#
#..........##8$)8##.....##.....#
#######.....###### ...........##
######..###+# ###........##
#......## , ##.......##


You could see a boulder beetle.

Vanquished Creatures
  Pikel (D:7)
  Maggie (D:7)
  A slime creature (D:7)
  A steam dragon (D:6)
  A water moccasin (D:6)
  An orc warrior (D:7)
  An ice beast (D:7)
  A black bear (D:6)
  2 centaurs
  A phantom (D:6)
  4 lemures (D:7)
  A kobold brigand (D:7)
  3 necrophages
  2 bullfrogs (D:7)
  3 scorpions
  4 killer bees (D:7)
  An orc priest (D:5)
  A hound (D:6)
  5 iguanas
  2 orc wizards
  9 adders
  A shadow imp (D:6)
  A white imp (D:6)
  3 ufetubi
  A worm (D:2)
  4 dart slugs
  5 orcs
  5 bats
  10 endoplasms
  4 giant cockroaches
  4 goblins
  A hobgoblin (D:2)
  2 jackals (D:1)
  10 kobolds
  3 quokkas
  9 ball pythons
  7 frilled lizards
  7 rats
123 creatures vanquished.

Notes
Turn   | Place    | Note
-------+----------+-------------------------------------------
     0 | D:1      | gobodom the Ogre Hedge Wizard began the quest for the Orb.
     0 | D:1      | Reached XP level 1. HP: 16/16 MP: 5/5
   278 | D:1      | Reached skill level 4 in Spellcasting
   278 | D:1      | Reached XP level 2. HP: 24/24 MP: 0/7
   351 | D:1      | Reached skill level 1 in Conjurations
  1018 | D:1      | Reached XP level 3. HP: 31/31 MP: 6/8
  1139 | D:1      | Found a faded altar of an unknown god.
  1256 | D:1      | Found Lonucuudgh's Antique Weapon Emporium.
  1792 | D:2      | You fall into a shaft and drop 2 floors!
  2169 | D:2      | Reached XP level 4. HP: 39/39 MP: 10/10
  2875 | D:3      | Found a white marble altar of Elyvilon.
  3221 | D:3      | Reached skill level 1 in Staves
  3672 | D:4      | Found a shimmering altar of Xom.
  3689 | D:4      | Noticed a necrophage
  3691 | D:4      | Found an opulent altar of Gozag.
  3699 | D:4      | Reached XP level 5. HP: 46/46 MP: 9/12
  3702 | D:4      | Reached skill level 1 in Fighting
  3702 | D:4      | Reached skill level 5 in Spellcasting
  3871 | D:4      | Reached XP level 6. HP: 45/55 MP: 8/13
  4122 | D:4      | Found a sacrificial altar of Ru.
  4387 | D:4      | Reached skill level 1 in Shields
  4651 | D:5      | Entered Level 5 of the Dungeon
  4663 | D:5      | Reached XP level 7. HP: 63/65 MP: 11/15
  4690 | D:5      | Found a staircase to the Ecumenical Temple.
  4996 | D:5      | Gained mutation: You are covered in fur. (AC +1) [potion of
                  | mutation]
  4996 | D:5      | Gained mutation: You occasionally lose the ability to read
                  | scrolls when taking damage. [potion of mutation]
  4997 | D:5      | Lost mutation: You are covered in fur. (AC +1) [potion of
                  | mutation]
  4997 | D:5      | Lost mutation: You occasionally lose the ability to read
                  | scrolls when taking damage. [potion of mutation]
  4997 | D:5      | Gained mutation: You occasionally lose the ability to read
                  | scrolls when taking damage. [potion of mutation]
  4997 | D:5      | Gained mutation: You passively map a small area around you.
                  | [potion of mutation]
  5022 | D:5      | Found an iron altar of Okawaru.
  5087 | D:5      | Found an ancient bone altar of Kikubaaqudgha.
  5736 | D:6      | Learned a level 3 spell: Mephitic Cloud
  5811 | D:6      | Reached skill level 6 in Spellcasting
  6082 | D:6      | Reached XP level 8. HP: 69/75 MP: 13/17
  6642 | D:7      | Reached skill level 5 in Staves
  7597 | D:7      | Noticed Maggie
  7609 | D:7      | Reached skill level 7 in Spellcasting
  7616 | D:7      | Reached XP level 9. HP: 37/85 MP: 19/19
  7625 | D:7      | Killed Maggie
  7626 | D:7      | Reached skill level 5 in Fighting
  7980 | D:7      | Noticed Pikel
  7988 | D:7      | Killed Pikel
  8482 | D:7      | Found a large runed translucent door.
  8482 | D:7      | Found a large runed translucent door.
  8493 | D:7      | Noticed a boulder beetle
  8519 | D:7      | Found a large runed translucent door.
  8519 | D:7      | Found a large runed translucent door.
  8544 | D:7      | Identified the +6 trident "Kulem" {vorpal, Int+7 Dex+4
                  | SInv}
  8562 | D:7      | Slain by a boulder beetle

Illustrated notes

Levels and vault maps discovered:
D:1:      mrwooster_arrival_statue_3, layout_rooms,
          chequers_ecumenical_altar_lobes, serial_shops, nicolae_square_shop
D:2:      layout_loops_ring
D:3:      layout_basic, elyvilon_altar_5, hex_intersection,
          serial_park_tiny_pond, kennysheep_path_1, st_stairs_13
D:4:      layout_basic, mainiacjoe_overflow_large_starburst,
          mainiacjoe_overflow_concentric_impassable, corexii_leaking_fountain
D:5:      layout_basic, okawaru_trees_2, overflow_temple_1_default,
          minmay_temple_entry_large_hall, serial_curves, eino_curves_02,
          eino_curves_01, feat_on_display
D:6:      layout_basic
D:7:      layout_basic, overflow_temple_1_default,
          minmay_hollow_rounded_squares, uniq_maggie, uniq_pikel
D:8:      layout_loops_ring

Skill      XL: |  1  2  3  4  5  6  7  8  9 |
---------------+----------------------------+-----
Spellcasting   | 4 5 6 7 |  7.5
Conjurations   | 1 2 3 4 |  4.8
Dodging        | 2 3 |  3.9
Staves         | 1 2 3 5 6 |  6.8
Fighting       | 1 2 3 4 6 |  6.2
Stealth        | 2 |  2.5
Shields        | 1 2 |  2.2
Short Blades   | |  0.3
Summonings     | |  0.8
Translocations | |  0.8
Air Magic      | |  0.4
Poison Magic   | |  0.2
Evocations     | |  0.5

Action                   |  1- 3 |  4- 6 |  7- 9 || total
-------------------------+-------+-------+-------++-------
Melee: Dagger            |    43 |       |       ||    43
       Quarterstaff      |     3 |    62 |   125 ||   190
 Cast: Magic Dart        |   111 |    61 |    80 ||   252
       Mephitic Cloud    |       |       |     3 ||     3
Evoke: Wand              |       |       |     3 ||     3
  Use: Scroll            |       |     7 |     2 ||     9
       Potion            |       |     1 |     5 ||     6
 Stab: Sleeping          |       |     1 |       ||     1
Armor: Robe              |    25 |    12 |     5 ||    42
       Steam dragon scal |       |       |    11 ||    11
Dodge: Dodged            |    35 |    32 |    49 ||   116
Block: Other             |     4 |    12 |    27 ||    43
       Reflection        |       |     1 |     5 ||     6

Table legend: (Time is in decaauts)
 A = Elapsed time spent in this place.
 B = Non-inter-level travel time spent in this place.
 C = Inter-level travel time spent in this place.
 D = Time resting spent in this place.
 E = Time spent auto-exploring this place.
 F = Levels seen in this place.
 G = Mean time per level.
                   A        B        C        D        E       F      G
               +--------+--------+--------+--------+--------+-----+--------+
         Total |   8584 |   8421 |    163 |    650 |   6443 |   8 | 1073.0 |
       Dungeon |   8584 |   8421 |    163 |    650 |   6443 |   8 | 1073.0 |
               +--------+--------+--------+--------+--------+-----+--------+

Top non-repeatable levels by time:
     D:1: 1536 daAuts
     D:7: 1293 daAuts
     D:2: 1115 daAuts
     D:5: 1050 daAuts
     D:3: 1010 daAuts
     D:4: 1002 daAuts
     D:6: 903 daAuts
     D:8: 670 daAuts
